 Dungeon Crawl Stone Soup version 0.28.0-43-g3370ac3207 (webtiles) character file.

Game seed: 13157651591921362323

4337 graymark the Blocker (level 10, -16/80 HPs)
             Began as a Formicid Fighter on Mar 2, 2022.
             Was an Initiate of Makhleb.
             Demolished by a two-headed ogre
             ... wielding a +0 giant club
              (17 damage)
             ... on level 8 of the Dungeon.
             The game lasted 00:21:10 (9495 turns).

graymark the Blocker (Formicid Fighter)             Turns: 9495, Time: 00:21:11

Health: -16/80     AC:  8    Str: 30    XL:     10   Next: 59%
Magic:  10/10      EV: 12    Int:  9    God:    Makhleb [......]
Gold:   515        SH:  5    Dex: 10    Spells: 9/9 levels left

rFire   . . .      SeeInvis +   a - +0 war axe (drain)
rCold   . . .      Faith    .   c - +0 buckler
rNeg    . . .      Spirit   .   b - +0 scale mail
rPois   .          Reflect  .   (helmet unavailable)
rElec   .          Harm     .   (no cloak)
rCorr   .          Rampage  .   (no gloves)
Will    ++...                   (no boots)
Stlth   ..........              u - amulet of the acrobat
HPRegen 0.23/turn               e - ring of willpower
MPRegen 0.12/turn               p - +6 ring of strength

@: no status effects
A: permanent stasis, dig shafts and tunnels, antennae 3, four strong arms
a: Dig, Shaft Self, Renounce Religion


You were on level 8 of the Dungeon.
You worshipped Makhleb.
Makhleb was noncommittal.
You visited 2 branches of the dungeon, and saw 9 of its levels.
You also visited: Ossuary.

You collected 515 gold pieces.

Inventory:

Hand Weapons
 a - a +0 war axe of draining (weapon)
 g - a +1 demon trident of electrocution
 m - a +0 vorpal flail
 n - a +0 whip of electrocution
 t - a +0 flail
Armour
 b - a +0 scale mail (worn)
 c - a +0 buckler (worn)
 I - a +0 chain mail
Jewellery
 e - a ring of willpower (left hand)
 p - a +6 ring of strength (right hand)
 u - an amulet of the acrobat (around neck)
 x - an amulet of magic regeneration
Wands
 y - a wand of paralysis (8)
 C - a wand of flame (20)
 D - a wand of polymorph (8)
 F - a wand of iceblast (19)
 J - a wand of acid (7)
Scrolls
 f - a scroll of brand weapon
 j - 4 scrolls of immolation
 l - 3 scrolls of vulnerability
 q - a scroll of enchant weapon {unknown}
 v - a scroll of fog {unknown}
 A - a scroll of holy word {unknown}
 B - a scroll of fear {unknown}
 H - 2 scrolls of magic mapping
Potions
 d - 2 potions of might
 h - a potion of cancellation {unknown}
 i - a potion of lignification
 k - 4 potions of attraction
 o - 2 potions of curing
 r - 4 potions of invisibility
 s - a potion of heal wounds
 w - a potion of ambrosia {unknown}
 z - a potion of magic {unknown}
 E - a potion of mutation {unknown}
 G - a potion of resistance {unknown}


   Skills:
 + Level 8.0 Fighting
 + Level 6.9 Axes
 + Level 8.1 Armour
 + Level 5.9 Dodging
 - Level 8.5 Shields


You had 9 spell levels left.
You didn't know any spells.
Your spell library contained the following spells:

 Spells                   Type           Power      Damage    Failure   Level
 Magic Dart               Conj           0%         1d3       65%         1
 Pain                     Necr           0%         1d4       65%         1
 Searing Ray              Conj           0%         2d4       80%         2
 Call Canine Familiar     Summ           0%         N/A       95%         3
 Gell's Gravitas          Tloc           0%         N/A       95%         3
 Portal Projectile        Hex/Tloc       0%         N/A       95%         3
 Teleport Other           Tloc           0%         N/A       95%         3
 Fulminant Prism          Conj/Hex       0%         3d6       100%        4
 Leda's Liquefaction      Hex/Erth       0%         N/A       100%        4
 Olgreb's Toxic Radiance  Pois           0%         N/A       100%        4
 Agony                    Necr           0%         N/A       100%        5
 Excruciating Wounds      Necr           0%         N/A       100%        5
 Manifold Assault         Tloc           0%         N/A       100%        5
 Dispersal                Tloc           0%         N/A       100%        6
 Ozocubu's Refrigeration  Ice            0%         4d5       100%        7
 Storm Form               Tmut/Air       0%         N/A       100%        7
 Ignition                 Fire           0%         3d3       100%        8
 Blink                    Tloc           Unusable   N/A       N/A         2

Dungeon Overview and Level Annotations

Branches:
Dungeon (8/15)             Temple (1/1) D:7         Ossuary (visited)
   Lair: D:8-11

Altars:
Ashenzari
Cheibriados
Dithmenos
Elyvilon
Gozag
Hepliaklqana
Kikubaaqudgha
Makhleb
Nemelex Xobeh
Okawaru
Qazlal
Ru
Sif Muna
Trog
Uskayaw
Wu Jian
Xom
Yredelemnul
Zin
The Shining One
Jiyva
Lugonu


Innate Abilities, Weirdness & Mutations

You cannot be hasted, slowed, berserked, paralysed or teleported.
You can dig through walls and to a lower floor.
You have a pair of large antennae on your head. (SInv)
Your four strong arms can wield two-handed weapons with a shield.


Message History

Press: ? - help, Shift-Dir - straight line, f/p - two-headed ogre
Aim: a two-headed ogre, wielding two +0 giant clubs (86% to hit)
The bolt of acid hits the two-headed ogre.
The acid corrodes the two-headed ogre!
The two-headed ogre is lightly wounded.
You slash the two-headed ogre!
The two-headed ogre is moderately wounded.
The two-headed ogre hits you with a +0 giant club!
You block the two-headed ogre's attack.
You barely miss the two-headed ogre.
The two-headed ogre is moderately wounded.
The two-headed ogre misses you. The two-headed ogre barely misses you.
You barely miss the two-headed ogre.
The two-headed ogre is moderately wounded.
The two-headed ogre barely misses you.
The two-headed ogre hits you with a +0 giant club!
You hit the two-headed ogre.
The two-headed ogre is moderately wounded.
The two-headed ogre closely misses you. You block the two-headed ogre's attack.
You hit the two-headed ogre but do no damage.
The two-headed ogre is moderately wounded.
The two-headed ogre barely misses you.
The two-headed ogre hits you with a +0 giant club.
You barely miss the two-headed ogre.
The two-headed ogre is moderately wounded.
You slash the two-headed ogre!
The two-headed ogre is heavily wounded.
The two-headed ogre hits you with a +0 giant club!!
The two-headed ogre barely misses you.
You hit the two-headed ogre. You drain the two-headed ogre.
The two-headed ogre is severely wounded.
The two-headed ogre is no longer covered in acid.
The two-headed ogre closely misses you.
The two-headed ogre hits you with a +0 giant club!!
* * * LOW HITPOINT WARNING * * *
You feel much better.
The two-headed ogre hits you with a +0 giant club!!
* * * LOW HITPOINT WARNING * * *
The two-headed ogre hits you with a +0 giant club!
You die...

#################
................#
###############.# # #.#
# #.### #
#####...###############
#
#...)..................
#
##.......###############
# .........@.# #########
# .........O.# #........
# ....###......
+........ .... #...####
#........ ... ......
#<....... .. ..###.##
#........ ... #..
............ .. #..
...##........ #..
#........


You could see a two-headed ogre (drained).

Vanquished Creatures
  A two-headed ogre (D:8)
  Grinder (D:6)
  4 yaks (D:7)
  A water moccasin (D:5)
  4 black bears (D:6)
  An orc warrior (D:7)
  A necrophage (D:5)
  An ice beast (D:6)
  5 ogres
  2 centaurs
  A phantom (D:5)
  An elf zombie (Ossuary)
  A scorpion (D:5)
  A bullfrog (D:6)
  A water moccasin skeleton (D:6)
  A wight (D:6)
  5 killer bees (D:6)
  A centaur zombie (D:6)
  2 bullfrog zombies (D:6)
  2 centaur skeletons
  5 orc priests
  3 hounds
  A jelly (D:4)
  2 gnoll shamans
  5 iguanas
  Ijyb (D:4)
  2 orc wizards
  A killer bee zombie (D:7)
  4 mummies
  A hound skeleton (D:5)
  Robin (D:2)
  8 gnolls
  2 howler monkey skeletons
  11 adders
  2 shadow imps
  2 ufetubi
  An adder zombie (Ossuary)
  A dart slug (D:2)
  20 orcs
  5 ball pythons
  5 bats
  9 endoplasms
  A giant cockroach (D:1)
  2 gnoll zombies (Ossuary)
  15 goblins
  11 hobgoblins
  3 jackals
  11 kobolds
  5 quokkas
  A frilled lizard (D:3)
  5 goblin zombies (Ossuary)
  2 hobgoblin zombies (Ossuary)
  2 kobold zombies (Ossuary)
  3 quokka zombies (Ossuary)
  8 rats
  2 rat zombies (Ossuary)
200 creatures vanquished.

Vanquished Creatures (others)
  9 plants
9 creatures vanquished.

Grand Total: 209 creatures vanquished

Notes
Turn   | Place    | Note
-------+----------+-------------------------------------------
     0 | D:1      | graymark the Formicid Fighter began the quest for the Orb.
     0 | D:1      | Reached XP level 1. HP: 18/18 MP: 1/1
   258 | D:1      | Reached XP level 2. HP: 19/24 MP: 2/2
   416 | D:1      | Found a viscous altar of Jiyva.
   650 | D:1      | Reached XP level 3. HP: 29/29 MP: 3/3
   849 | D:1      | Found a faded altar of an unknown god.
  1442 | D:1      | Reached skill level 1 in Dodging
  1453 | D:2      | Reached XP level 4. HP: 32/37 MP: 4/4
  1631 | D:2      | Noticed Robin
  1659 | D:2      | Killed Robin
  2159 | D:3      | Reached XP level 5. HP: 39/42 MP: 5/5
  2673 | D:3      | Found an iron altar of Okawaru.
  2674 | D:3      | Found a glowing golden altar of the Shining One.
  2674 | D:3      | Found an ancient bone altar of Kikubaaqudgha.
  2674 | D:3      | Found a shadowy altar of Dithmenos.
  2674 | D:3      | Found a shimmering blue altar of Sif Muna.
  2783 | D:3      | Reached XP level 6. HP: 28/48 MP: 6/6
  2908 | D:3      | Found a sacrificial altar of Ru.
  2908 | D:3      | Found a stormy altar of Qazlal.
  2908 | D:3      | Found an ornate altar of the Wu Jian Council.
  2908 | D:3      | Found a sparkling altar of Nemelex Xobeh.
  2909 | D:3      | Found a snail-covered altar of Cheibriados.
  2910 | D:3      | Found an opulent altar of Gozag.
  2910 | D:3      | Found a bloodstained altar of Trog.
  2911 | D:3      | Found a hazy altar of Hepliaklqana.
  3655 | D:4      | Reached skill level 5 in Shields
  3834 | D:4      | Reached XP level 7. HP: 48/55 MP: 7/7
  4251 | D:4      | Reached skill level 5 in Fighting
  4251 | D:4      | Reached skill level 5 in Armour
  4651 | D:5      | Entered Level 5 of the Dungeon
  4682 | D:5      | Noticed Ijyb
  4690 | D:4      | Killed Ijyb
  4691 | D:4      | Reached XP level 8. HP: 62/62 MP: 8/8
  4861 | D:5      | Found a sand-covered staircase.
  4934 | Ossuary  | Entered an ossuary
  6263 | D:6      | Found a basalt altar of Yredelemnul.
  6318 | D:6      | Reached skill level 5 in Axes
  6318 | D:6      | Reached XP level 9. HP: 65/69 MP: 9/9
  7067 | D:6      | Found a white marble altar of Elyvilon.
  7148 | D:6      | Noticed Grinder
  7158 | D:6      | Killed Grinder
  7387 | D:7      | Reached skill level 5 in Dodging
  7756 | D:6      | Reached XP level 10. HP: 61/79 MP: 10/10
  8424 | D:7      | Found a staircase to the Ecumenical Temple.
  8443 | Temple   | Entered the Ecumenical Temple
  8534 | Temple   | Became a worshipper of Makhleb the Destroyer
  9193 | D:8      | Noticed a two-headed ogre
  9204 | D:8      | Killed a two-headed ogre
  9234 | D:8      | Noticed a two-headed ogre
  9495 | D:8      | HP: 1/80 [two-headed ogre/+0 giant club (21)]
  9495 | D:8      | Demolished by a two-headed ogre

Illustrated notes

Levels and vault maps discovered:
D:1:      erik_arrival_cave_to_civilisation [erik_arrival_cave_to_temple],
          layout_basic, ebering_ecumenical_altar_webs, serial_forest,
          infiniplex_forest_straight_3, infiniplex_forest_straight_3,
          infiniplex_forest_lined_2, infiniplex_forest_lined_2,
          infiniplex_forest_clump_large, infiniplex_forest_lined_2,
          infiniplex_forest_zigzag_1, infiniplex_forest_lined_2,
          infiniplex_forest_clump_curved
D:2:      layout_rooms, uniq_robin
D:3:      layout_loops_cross, nicolae_overflows_in_rows
D:4:      layout_basic, palyth_stone_intersect,
          eino_small_chamber_without_monster, serial_bayou_crossing
D:5:      layout_basic, gup_ossuary_entry_pyramid, grunt_decor_resistance,
          minmay_diced_spiral, uniq_ijyb
D:6:      minmay_chambers_of_threes, layout_basic, kennysheep_ying_yang,
          uniq_grinder
D:7:      layout_basic, minmay_temple_entry_glassed_door
D:8:      minmay_cut_squares, layout_basic, uniq_grum
Temple:   corrupted_temple

Skill      XL: |  1  2  3  4  5  6  7  8  9 10 |
---------------+-------------------------------+-----
Shields        | 4 5 6 7 8 |  8.5
Dodging        | 1 2 3 4 5 |  5.9
Armour         | 4 5 6 7 8 |  8.1
Fighting       | 4 5 6 7 8 |  8.0
Axes           | 3 4 5 6 |  6.9

Action                   |  1- 3 |  4- 6 |  7- 9 | 10-12 || total
-------------------------+-------+-------+-------+-------++-------
Melee: War axe           |    86 |   167 |   325 |    88 ||   666
Throw: Throwing net      |       |       |     1 |       ||     1
 Abil: Dig               |       |     2 |     2 |       ||     4
Evoke: Wand              |       |       |       |     7 ||     7
  Use: Scroll            |       |     6 |     6 |     2 ||    14
       Potion            |       |       |     1 |     2 ||     3
 Stab: Invisible         |       |       |     3 |       ||     3
Armor: Scale mail        |    53 |    88 |   124 |    16 ||   281
Dodge: Dodged            |    44 |   111 |   221 |    58 ||   434
Block: Buckler           |    21 |    48 |   105 |    27 ||   201
